 Dungeon Crawl Stone Soup version 0.17-a0-1939-ga475588 (webtiles) character file.

2 achirane the Grave Robber (level 1, -18/9 HPs)
             Began as a Vine Stalker Necromancer on Sept 29, 2015.
             Killed from afar by a jackal (23 damage)
             ... with an exploding inner flame
             ... hexed by the player character
             ... on level 1 of the Dungeon.
             The game lasted 00:02:51 (191 turns).

achirane the Grave Robber (Vine Stalker Necromancer) Turns: 191, Time: 00:02:52

Health: -18/9      AC:  2    Str: 10    XL:     1   Next: 40%
Magic:  0/4        EV: 12    Int: 15    God:
Gold:   13         SH:  0    Dex: 14    Spells: 1 memorised, 3 levels left

rFire  . . .     SeeInvis .     (no weapon)
rCold  . . .     Clarity  .     a - +0 robe
rNeg   . . .     SustAt   .     (no shield)
rPois  .         Gourm    .     (no helmet)
rElec  .         Spirit   +     (no cloak)
rCorr  .         Warding  .     (no gloves)
rMut   .         Stasis   .     (no boots)
MR     .....                    (no amulet)
Stlth  ++........               (no ring)
                                (no ring)

@: not resistant to hostile enchantments, unstealthy
A: fangs 2, regeneration 1, magic shield, antimagic bite, no device heal 3, rot
immunity
a: no special abilities


You were on level 1 of the Dungeon.
You were not hungry.

You visited 1 branch of the dungeon, and saw 1 of its levels.

You collected 13 gold pieces.

Inventory:

Armour
 a - a +0 robe (worn)
Scrolls
 e - a scroll of enchant armour {unknown}
Potions
 f - a potion of curing {unknown}
Books
 b - a book of Necromancy
Comestibles
 c - 2 bread rations {@e1}


   Skills:
 - Level 1.5 Dodging
 - Level 2.4 Stealth
 + Level 0.4 Unarmed Combat
 - Level 2.1 Spellcasting
 + Level 4.0 Necromancy


You had 3 spell levels left.
You knew the following spells:

 Your Spells              Type           Power        Failure   Level  Hunger
a - Pain                  Necr           ##..         4%          1    #......


Dungeon Overview and Level Annotations

Branches:
Dungeon (1/15)

Altars:


Innate Abilities, Weirdness & Mutations

You have extremely sharp teeth.
Your natural rate of healing is unusually fast.
When hurt, damage is shared between your health and your magic reserves.
Your bite disrupts and absorbs the magic of your enemies.
Potions and wands cannot restore your health.
You are immune to rotting.


Message History

You feel invigorated.
The jackal is almost dead.
The jackal bites you but does no damage.
The kobold closely misses you.
You regained 2 mp, and now have 3/4 mp.
The jackal bites you.
You now have 2/4 mp.
The giant cockroach closely misses you.
Health restored: 9 The jackal barely misses you.
The jackal barely misses you. The kobold hits you.
You take 2 damage, and have 7/9 hp.
MASSIVE DAMAGE!!
The jackal bites you but does no damage.
You completely miss the jackal.
The jackal is almost dead.
The jackal bites you. The kobold hits you. The giant cockroach bites you.
You take 2 damage, and have 5/9 hp.
MASSIVE DAMAGE!!
You now have 1/4 mp.
The jackal barely misses you. The jackal completely misses you.
The giant cockroach bites you.
You take 1 damage, and have 5/9 hp.
Found a stone staircase leading down.
A jackal comes into view.
The giant cockroach bites you.
You take 1 damage, and have 5/9 hp.
You now have 0/4 mp.
A jackal comes into view.
A giant newt comes into view.
There is a stone staircase leading down here.
The giant cockroach closely misses you.
The jackal barks!
The giant cockroach misses you.
A bat comes into view.
The giant cockroach bites you.
You take 1 damage, and have 6/9 hp.
Read which item? (? for menu, Esc to quit)
As you read the scroll labeled KINE ASAC, it crumbles to dust.
Forget which spell ([?*] list [ESC] exit)?
Forget which spell ([?*] list [ESC] exit)?
Okay, then.
It was a scroll of amnesia.
The giant cockroach bites you but does no damage.
Read which item? (? for menu, Esc to quit)
As you read the scroll labeled OKUELU OCVUMY, it crumbles to dust.
The creatures around you are filled with an inner flame!
It was a scroll of immolation.
The giant cockroach misses you.
Casting: Pain
Confirm with . or Enter, or press ? or * to list all spells.
Aiming: Pain
Press: ? - help, Shift-Dir - straight line, f/p - jackal
Aim: a jackal (severely wounded, inner flame, chance to defeat MR: 91%)
Okay, then.
Unknown command.
Casting: Pain
Confirm with . or Enter, or press ? or * to list all spells.
Aiming: Pain
Press: ? - help, Shift-Dir - straight line, f - jackal
Aim: a jackal (inner flame, chance to defeat MR: 91%)
The jackal convulses in agony!
You now have 1/4 mp.
Casting: Pain
Confirm with . or Enter, or press ? or * to list all spells.
Aiming: Pain
Press: ? - help, Shift-Dir - straight line, f/p - jackal
Aim: a jackal (heavily wounded, inner flame, chance to defeat MR: 91%)
The jackal barely resists.
The jackal closely misses you.
You take 1 damage, and have 6/9 hp.
You now have 0/4 mp.
You hit the jackal but do no damage.
The jackal is heavily wounded.
The giant cockroach completely misses you.
The jackal barely misses you.
The giant cockroach bites you but does no damage.
You miss the jackal.
The jackal is heavily wounded.
The jackal bites you. The jackal closely misses you.
The giant cockroach bites you but does no damage.
You take 2 damage, and have 5/9 hp.
MASSIVE DAMAGE!!
You closely miss the jackal.
The jackal is heavily wounded.
The jackal bites you but does no damage.
The jackal closely misses you.
The jackal bites you but does no damage.
The giant cockroach bites you but does no damage.
The jackal closely misses you.
You barely miss the jackal. You bite the jackal. You drain its power.
You feel invigorated.
The jackal is almost dead.
The jackal barely misses you. x2
The giant cockroach bites you.
You regained 2 mp, and now have 2/4 mp.
Casting: Pain
Confirm with . or Enter, or press ? or * to list all spells.
Aiming: Pain
Press: ? - help, Shift-Dir - straight line, f/p - jackal
Aim: a jackal (almost dead, inner flame, chance to defeat MR: 91%)
The jackal convulses in agony!
The jackal explodes!
The fiery explosion engulfs you!
Ouch! That really hurt!
You die...

#########
.........###
...........
#...........#####
..........K....#
........(#.#.h#
##$....b(...#h#hK#
.......#..h.Kh#sh#
######.....####§@#
.##.##.##..#######
.+.......>........
.##.##.##........#
...............l..
.#...P...........P
.'...♣♣♣P..♣♣♣...♣
.#..P♣ ♣...♣ P..♣
.....♣♣♣P.P♣ .$♣


You could see 3 jackals, a giant cockroach (inner flame) and a kobold.

Vanquished Creatures
  A hobgoblin (D:1)
  A giant newt (D:1)
  A rat (D:1)
3 creatures vanquished.

Notes
Turn   | Place    | Note
--------------------------------------------------------------
     0 | D:1      | achirane the Vine Stalker Necromancer began the quest for the Orb.
     0 | D:1      | Reached XP level 1. HP: 9/9 MP: 4/4
   191 | D:1      | Killed from afar by a jackal

Vault maps used:
D:1:      arrival_zaba_pyramid, serial_bayou_ford_a, kennysheep_boxes

Action                   || total
-------------------------++-------
Melee: Unarmed           ||    20
 Cast: Pain              ||     6
  Use: Scroll            ||     2

Vault maps used:
D:1:      arrival_zaba_pyramid, serial_bayou_ford_a, kennysheep_boxes

Table legend:
 A = Turns spent in this place as a percentage of turns spent in the entire game.
 B = Non-inter-level travel turns spent in this place as a percentage of non-inter-level travel turns spent in the entire game.
 C = Inter-level travel turns spent in this place as a percentage of turns spent in this place.
 D = Turns resting spent in this place as a percentage of non-inter-level travel turns spent in this place.
 E = Turns spent auto-exploring this place as a percentage of non-inter-level travel turns spent in this place.
 F = Non-inter-level travel turns spent in this place divided by the number of levels of this place that you've seen.
                   A       B       C       D       E      F
               +-------+-------+-------+-------+-------+----------------------
         Total | 100.0 | 100.0 |   0.0 |   0.0 |   2.5 | 157.0
       Dungeon | 100.0 | 100.0 |   0.0 |   0.0 |   2.5 | 157.0
               +-------+-------+-------+-------+-------+----------------------

Table legend:
 A = Kills in this place as a percentage of kills in entire the game.
 B = Kills by you in this place as a percentage of kills by you in the entire game.
 C = Kills by friends in this place as a percentage of kills by friends in the entire game.
 D = Other kills in this place as a percentage of other kills in the entire game.
 E = Experience gained in this place as a percentage of experience gained in the entire game.
 F = Experience gained in this place divided by the number of levels of this place that you have seen.
                   A       B       C       D       E      F
               +-------+-------+-------+-------+-------+----------------------
         Total | 100.0 | 100.0 |  -nan |  -nan | 100.0 |   4.0
       Dungeon | 100.0 | 100.0 |  -nan |  -nan | 100.0 |   4.0
               +-------+-------+-------+-------+-------+----------------------
